 Dungeon Crawl Stone Soup version 0.29-a0-648-g6b26cc9f40 (webtiles) character file.

Game seed: 8866259988534085907

46 xian the Magician (level 3, -2/24 HPs)
             Began as a Demonspawn Hedge Wizard on June 20, 2022.
             Slain by Natasha (8 damage)
             ... on level 3 of the Dungeon.
             The game lasted 00:07:50 (2288 turns).

xian the Magician (Demonspawn Hedge Wizard)         Turns: 2288, Time: 00:07:50

Health: -2/24      AC: 15    Str: 15    XL:     3   Next: 44%
Magic:  2/2        EV:  0    Int: 17    God:
Gold:   111        SH:  4    Dex: 12    Spells: 9/10 levels left

rFire   + . .      SeeInvis +   n - +7 trident of the Lachrymose God {antimagic, *Rage rElec rCorr SInv}
rCold   + . .      Faith    .   (no shield)
rNeg    . . .      Spirit   .   k - +0 gold dragon scales
rPois   +          Reflect  .   c - +0 hat
rElec   +          Harm     +   (no cloak)
rCorr   +          Rampage  .   a - +1 pair of gloves of Quhipre {Harm rC- Str+5}
Will    .....      Rage     20% l - +0 pair of boots
Stlth   ..........              (no amulet)
HPRegen 0.08/turn               i - ring of protection from cold
MPRegen 0.08/turn               (no ring)

@: on berserk cooldown, slowed, very slow
A: large bone plates 1, powered by death 1
a: no special abilities


You were on level 3 of the Dungeon.
You visited 1 branch of the dungeon, and saw 3 of its levels.

You collected 111 gold pieces.

Inventory:

Hand Weapons
 n - the +7 trident of the Lachrymose God (weapon) {antimagic, *Rage rElec rCorr SInv}
   (You acquired it on level 2 of the Dungeon)

   It reduces the magical energy of the wielder, and disrupts the spells and
   magical abilities of those it strikes.
   Natural abilities and divine invocations are not affected.
   rElec:     It insulates you from electricity.
   SInv:      It lets you see invisible.
   *Rage:     It berserks you when you make melee attacks (+20% chance).
   rCorr:     It protects you from acid and corrosion.
Missiles
 b - 5 poisoned darts (quivered)
 p - 2 boomerangs
 q - a throwing net
Armour
 a - the +1 pair of gloves of Quhipre (worn) {Harm rC- Str+5}
   (You acquired it on level 2 of the Dungeon)

   Str:       It affects your strength (+5).
   rC:        It makes you vulnerable to cold.
   Harm:      It increases damage dealt and taken.
 c - a +0 hat (worn)
 k - +0 gold dragon scales (worn)
 l - a +0 pair of boots (worn)
Jewellery
 i - a ring of protection from cold (left hand)
Scrolls
 e - a scroll of identify {unknown}
 g - a scroll of poison {unknown}
 h - a scroll of teleportation
 j - a scroll of magic mapping {unknown}
 m - a scroll of summoning {unknown}
 o - a scroll of blinking {unknown}
Potions
 d - a potion of magic
 f - a potion of resistance {unknown}


   Skills:
 + Level 0.2 Fighting
 + Level 0.2 Short Blades
 + Level 1.9 Dodging
 + Level 1.9 Stealth
 + Level 4.0 Spellcasting
 + Level 1.3 Conjurations
 + Level 1.0 Summonings
 + Level 0.8 Translocations


You had 9 spell levels left.
You knew the following spells:

 Your Spells              Type           Power      Damage    Failure   Level
a - Magic Dart            Conj           28%        1d4       100%        1

Your spell library contained the following spells:

 Spells                   Type           Power      Damage    Failure   Level
 Slow                     Hex            12%        N/A       100%        1
 Blink                    Tloc           12%        N/A       100%        2
 Call Imp                 Summ           6%         N/A       100%        2
 Sublimation of Blood     Necr           3%         N/A       100%        2
 Wereblood                Tmut           3%         N/A       100%        2
 Conjure Flame            Conj/Fire      5%         6-21      100%        3
 Mephitic Cloud           Conj/Pois/Air  4%         N/A       100%        3
 Summon Hydra             Summ           3%         N/A       100%        7


Dungeon Overview and Level Annotations

Branches:
Dungeon (3/15)

Altars:

Annotations:
D:3 Natasha


Innate Abilities, Weirdness & Mutations

You are partially covered in large bone plates. (SH +4)
You regenerate a little health from kills.


Message History

Found a club.
Found a throwing net.
A bat comes into view.
You see here a +0 club.
The bat attacks as you move away! The bat hits you but does no damage.
Found a rapier.
The bat hits you but does no damage. x2
A red film seems to cover your vision as you go berserk!
You feel yourself moving faster!
You feel mighty!
You closely miss the bat. You block the bat's attack.
The bat hits you but does no damage.
You see here a +0 club.
You feel a strong urge to attack something.
You impale the bat!!
You kill the bat!
Things that are here:
a +0 club; a bat corpse You feel a strong urge to attack something.
You are no longer berserk.
You are exhausted.
You feel yourself slow down.
q - a throwing net Natasha, Servant of Life and Death comes into view.
She is carrying a wand of digging (6).
Found a stone staircase leading down.
Natasha hisses angrily.
Natasha casts a spell at you. The magic dart hits you!
You see here a +0 rapier.
Found a ring mail.
A bat comes into view.
Natasha casts a spell at you.
You feel as though you will be slow longer.
Natasha claws you but does no damage.
You closely miss Natasha. The bat hits you but does no damage.
Natasha claws you. You block the bat's attack. Natasha claws you.
* * * LOW HITPOINT WARNING * * *
You closely miss Natasha. The bat hits you.
* * * LOW HITPOINT WARNING * * *
Natasha claws you but does no damage. The bat hits you but does no damage.
Natasha claws you!
You die...

##. #...# #.... #...# .
..... #...# . ####.#
#...####. .....#
#......[# ######
#....##.# . .....#
#..#..#.#####...
.....####.###.#.....>...
.........).#.)..@h......
.....####....##..b......
.....# #.......#####...
###### ####.#### . #.#
#.# #.# #.. ####### ...


You could see Natasha and a bat.

Vanquished Creatures
  2 dart slugs
  4 ball pythons
  4 bats
  9 endoplasms
  A giant cockroach (D:1)
  3 goblins
  A hobgoblin (D:1)
  3 quokkas
  4 frilled lizards
  6 kobolds
  A rat (D:1)
38 creatures vanquished.

Notes
Turn   | Place    | Note
-------+----------+-------------------------------------------
     0 | D:1      | xian the Demonspawn Hedge Wizard began the quest for the
                  | Orb.
     0 | D:1      | Reached XP level 1. HP: 13/13 MP: 4/4
   259 | D:1      | Gained mutation: You regenerate a little health from kills.
                  | [demonic ancestry]
   259 | D:1      | Reached XP level 2. HP: 15/19 MP: 0/6
  1179 | D:1      | Gained mutation: You are partially covered in large bone
                  | plates. (SH +4) [demonic ancestry]
  1179 | D:1      | Reached XP level 3. HP: 24/24 MP: 5/8
  1647 | D:2      | Found a faded altar of an unknown god.
  1814 | D:2      | Identified 2 scrolls of acquirement
  1814 | D:2      | Acquired the +7 trident of the Lachrymose God {antimagic,
                  | *Rage rElec rCorr SInv}
  1820 | D:2      | Acquired the +1 pair of gloves of Quhipre {Harm rC- Str+5}
  2249 | D:3      | Reached skill level 4 in Spellcasting
  2283 | D:3      | Noticed Natasha
  2288 | D:3      | Slain by Natasha

Illustrated notes

Levels and vault maps discovered:
D:1:      dpeg_arrival_rooms_b, layout_basic, hex_intersection
D:2:      layout_basic, hellmonk_ecumenical_altar_heavens_door, minmay_bisected
D:3:      layout_loops_cross, uniq_natasha, uniq_jessica

Skill      XL: |  1  2  3 |
---------------+----------+-----
Spellcasting   | 4 |  4.0
Fighting       | |  0.2
Short Blades   | |  0.2
Dodging        | |  1.9
Stealth        | |  1.9
Conjurations   | |  1.3
Summonings     | |  1.0
Translocations | |  0.8

Action                   || total
-------------------------++-------
Melee: Dagger            ||    37
       Trident           ||    13
 Cast: Magic Dart        ||    71
  Use: Scroll            ||     3
 Stab: Sleeping          ||     1
Armor: Robe              ||    10
       Gold dragon scale ||    12
Dodge: Dodged            ||    31
Block: Other             ||     7

Table legend: (Time is in decaauts)
 A = Elapsed time spent in this place.
 B = Non-inter-level travel time spent in this place.
 C = Inter-level travel time spent in this place.
 D = Time resting spent in this place.
 E = Time spent auto-exploring this place.
 F = Levels seen in this place.
 G = Mean time per level.
                   A        B        C        D        E       F      G
               +--------+--------+--------+--------+--------+-----+--------+
         Total |   2302 |   2248 |     54 |      0 |   1730 |   3 |  767.3 |
       Dungeon |   2302 |   2248 |     54 |      0 |   1730 |   3 |  767.3 |
               +--------+--------+--------+--------+--------+-----+--------+

Top non-repeatable levels by time:
     D:1: 1259 daAuts
     D:2: 952 daAuts
     D:3: 89 daAuts
